 Dungeon Crawl Stone Soup version 0.27.1 (webtiles) character file.

Game seed: 17657964933893349699

399 speeev33 the Ruffian (level 6, -2/56 (62) HPs)
             Began as a Troll Fighter on Aug 29, 2021.
             Slain by a gnoll (12 damage)
             ... on level 4 of the Dungeon.
             The game lasted 00:08:16 (2748 turns).

speeev33 the Ruffian (Troll Fighter)                Turns: 2748, Time: 00:08:17

HP:   -2/56 (62)    AC:  4    Str: 27    XL:     6   Next: 53%
MP:   5/5           EV:  8    Int:  4    God:
Gold: 154           SH:  9    Dex:  9    Spells: 5/5 levels left

rFire    . . .     SeeInvis .     - Unarmed
rCold    . . .     Faith    .   b - +0 kite shield
rNeg     . . .     Spirit   .   a - +0 robe
rPois    .         Reflect  .   (helmet restricted)
rElec    .         Harm     .   (no cloak)
rCorr    .         Rampage  .   (gloves unavailable)
Will     .....                  (boots unavailable)
Stlth    +.........             (no amulet)
HPRegen  1.18/turn              (no ring)
MPRegen  0.09/turn              (no ring)

@: drained
A: large, unfitting armour, claws 3, regeneration 1, shaggy fur 1, tough skin 1
a: no special abilities


You were on level 4 of the Dungeon.
You visited 1 branch of the dungeon, and saw 4 of its levels.

You collected 154 gold pieces.

Inventory:

Armour
 a - a +0 robe (worn)
 b - a +0 kite shield (worn)
Jewellery
 e - an amulet of magic regeneration
Potions
 c - 3 potions of might
 d - 2 potions of curing
 f - 2 potions of mutation
 g - a potion of flight {unknown}
 h - a potion of heal wounds {unknown}
 i - a potion of attraction {unknown}


   Skills:
 + Level 4.0 Fighting
 - Level 2.4 Dodging
 + Level 4.0 Shields
 + Level 4.3 Unarmed Combat


You had 5 spell levels left.
You didn't know any spells.
Your spell library was empty.

Dungeon Overview and Level Annotations

Branches:
Dungeon (4/15)
 Temple: D:4-7

Altars:
Ashenzari
Elyvilon
Hepliaklqana
Kikubaaqudgha
Makhleb
Ru


Innate Abilities, Weirdness & Mutations

You are too large for most types of armour.
You have claws for hands.
Your natural rate of healing is unusually fast.
You are covered in fur. (AC +1)
You have tough skin. (AC +1)


Message History

You claw the giant cockroach!
You kill the giant cockroach!
The gnoll hits you from afar with a +0 halberd!
You block the gnoll's attack. The gnoll hits you but does no damage.
You see here 11 gold pieces.
You claw the gnoll!
The gnoll is severely wounded.
The gnoll hits you with a +0 halberd.
A hobgoblin comes into view.
You barely miss the gnoll.
The gnoll is severely wounded.
The hobgoblin shouts!
You block the gnoll's attack.
The gnoll hits you with a +1 flail of draining.
You feel drained. The gnoll hits you with a +0 halberd.
The gnoll shaman hits you with a +0 whip.
You claw the gnoll!
You kill the gnoll!
The gnoll hits you with a +1 flail of draining!
You feel drained.
The gnoll shaman calls upon its god to speed up the gnoll.
The gnoll seems to speed up.
You barely miss the gnoll.
The gnoll hits you with a +1 flail of draining.
You feel drained. You block the gnoll's attack. The gnoll barely misses you.
The gnoll shaman hits you with a +0 whip.
Found a stone staircase leading down.
The ball python hisses angrily.
The gnoll hits you with a +1 flail of draining.
* * * LOW HITPOINT WARNING * * *
You feel drained.
* * * LOW HITPOINT WARNING * * *
A gnoll comes into view. It is wielding a +0 whip.
You block the gnoll's attack.
You closely miss the ball python.
The gnoll hits you with a +1 flail of draining!
* * * LOW HITPOINT WARNING * * *
You feel drained. The ball python barely misses you.
The gnoll hits you with a +1 flail of draining!
You die...

#. $. ... #. .. .. #. #.
..# #.#####. . #.
..###.#...g# .#
##.####.......?.)# .#
................g#..#
##.#<..#......).g#..#
...............gg..!###.
.#..............@.......
.###............S......>
.#.......#............##
........#.....##.......#
.#.##.#.###...##.......#
.#.# .#†##....##........
.#.##+#.................
.....†..............#...
.#.................##


You could see a gnoll shaman, 4 gnolls and a ball python.

Vanquished Creatures
  2 vampire bats (D:3)
  An iguana (D:2)
  Natasha (D:4)
  An orc wizard (D:3)
  4 gnolls
  11 adders
  3 worms
  3 dart slugs
  12 orcs (D:3)
  4 bat skeletons (D:3)
  3 bat zombies (D:3)
  5 endoplasms (D:1)
  2 giant cockroaches
  4 goblins
  5 hobgoblins
  3 jackals (D:4)
  4 kobolds
  2 quokkas
  2 ball pythons (D:2)
  7 bats
  3 frilled lizards
  4 rats
86 creatures vanquished.

Vanquished Creatures (others)
  2 plants (D:4)
2 creatures vanquished.

Grand Total: 88 creatures vanquished

Notes
Turn   | Place    | Note
-------+----------+-------------------------------------------
     0 | D:1      | speeev33 the Troll Fighter began the quest for the Orb.
     0 | D:1      | Reached XP level 1. HP: 22/22 MP: 0/0
     3 | D:1      | Noticed an electric eel
     4 | D:1      | Noticed an electric eel
   173 | D:1      | Reached XP level 2. HP: 28/29 MP: 1/1
  1082 | D:2      | Reached XP level 3. HP: 36/36 MP: 2/2
  1431 | D:2      | Reached XP level 4. HP: 39/45 MP: 3/3
  1750 | D:2      | HP: 2/45 [iguana (13)]
  1795 | D:3      | Reached XP level 5. HP: 53/53 MP: 4/4
  1899 | D:3      | Found an ancient bone altar of Kikubaaqudgha.
  2007 | D:3      | Found a white marble altar of Elyvilon.
  2237 | D:3      | Reached XP level 6. HP: 54/62 MP: 5/5
  2352 | D:3      | Found a burning altar of Makhleb.
  2352 | D:3      | Found a broken altar of Ashenzari.
  2352 | D:3      | Found a sacrificial altar of Ru.
  2573 | D:3      | Found a hazy altar of Hepliaklqana.
  2701 | D:4      | Noticed Natasha
  2714 | D:4      | Killed Natasha
  2748 | D:4      | Slain by a gnoll

Illustrated notes

Levels and vault maps discovered:
D:1:      arrival_aquarium_b, layout_basic
D:2:      layout_loops_cross
D:3:      layout_loops_cross, overflow_temple_1_default,
          nicolae_hepliaklqana_hippocampus, kennysheep_vampire_church,
          chequers_temple_overflow_statue_of_worship, minmay_unequal
D:4:      layout_basic, mainiacjoe_overflow_alcove_1, guppyfry_early_lair_pool,
          uniq_natasha

Skill      XL: |  1  2  3  4  5  6 |
---------------+-------------------+-----
Fighting       | 3 4 |  4.0
Shields        | 3 4 |  4.0
Unarmed Combat | 3 4 |  4.3
Dodging        | |  2.4

Action                   |  1- 3 |  4- 6 || total
-------------------------+-------+-------++-------
Melee: Unarmed           |    89 |   155 ||   244
  Use: Scroll            |     4 |     3 ||     7
 Stab: Sleeping          |     2 |       ||     2
       Distracted        |     1 |       ||     1
Armor: Robe              |    26 |    53 ||    79
Dodge: Dodged            |    24 |    55 ||    79
Block: Kite shield       |    40 |    78 ||   118
